 Dungeon Crawl Stone Soup version 0.18.1-50-g88ac8fd (webtiles) character file.

34146 varam the Quickloader (level 13, -5/111 HPs)
             Began as a Centaur Hunter on Oct 14, 2016.
             Was a High Priest of Okawaru.
             Slain by an ettin
             ... wielding a +0 dire flail
              (25 damage)
             ... on level 1 of the Orcish Mines.
             The game lasted 02:02:42 (32866 turns).

varam the Quickloader (Centaur Hunter)             Turns: 32866, Time: 02:02:43

Health: -5/111     AC: 20    Str: 18    XL:     13   Next: 40%
Magic:  10/16      EV: 18    Int: 10    God:    Okawaru [*****.]
Gold:   1052       SH:  0    Dex: 20    Spells: 3 memorised, 4 levels left

rFire  . . .     SeeInvis +     w - +1 battleaxe
rCold  + . .     Gourm    .     K - +3 leather armour {rC+}
rNeg   . . .     Faith    +     (shield currently unavailable)
rPois  +         Spirit   .     (no helmet)
rElec  .         Dismiss  .     I - +2 cloak
rCorr  +         Reflect  .     P - +0 pair of gloves
SustAt .         Harm     .     x - +0 centaur barding
MR     .....                    l - amulet of faith
Stlth  +.........               Y - ring of the Leaf {rCorr rPois MR- Dex+8 Stlth-}
                                j - ring of see invisible

@: heroism, finesse, very quick, not resistant to hostile enchantments, very
unstealthy
A: hooves 3, deformed body, speed 2, tough skin 3
a: Heroism, Finesse, Renounce Religion


You were on level 1 of the Orcish Mines.
You worshipped Okawaru.
Okawaru was extremely pleased with you.
You were not hungry.

You visited 4 branches of the dungeon, and saw 23 of its levels.
You also visited: Labyrinth.

You collected 1164 gold pieces.
You spent 112 gold pieces at shops.

Inventory:

Hand Weapons
 a - a +1 hand crossbow
 w - a +1 battleaxe (weapon)
Missiles
 d - 23 bolts
Armour
 h - a +1 leather armour of fire resistance
 x - a +0 centaur barding (worn)
 I - a +2 cloak (worn)
 K - a +3 leather armour of cold resistance (worn)
 P - a +0 pair of gloves (worn)
Rods
 D - a +0 iron rod (10/10)
   (You found it on level 2 of the Lair of Beasts)
Jewellery
 j - a ring of see invisible (left hand)
 l - an amulet of faith (around neck)
 m - an uncursed ring of fire
 p - a +3 ring of dexterity
 r - an uncursed ring of flight
 z - an uncursed amulet of the gourmand
 E - an uncursed ring of fire
 T - an uncursed ring of ice
 W - an uncursed ring of ice
 Y - the ring of the Leaf (right hand) {rCorr rPois MR- Dex+8 Stlth-}
   (You found it on level 6 of the Dungeon)

   [ring of resist corrosion]

   It affects your dexterity (+8).
   It protects you from poison.
   It affects your resistance to hostile enchantments.
   It makes you less stealthy.
Scrolls
 f - 2 scrolls of recharging
 g - 6 scrolls of remove curse
 i - 11 scrolls of identify
 k - 4 scrolls of teleportation
 o - a scroll of holy word {unknown}
 s - 3 scrolls of enchant armour {unknown}
 y - 2 scrolls of immolation
 A - 4 scrolls of blinking
 L - 2 scrolls of fear
 U - 2 scrolls of magic mapping
 V - a scroll of amnesia
Potions
 b - 3 potions of haste {unknown}
 e - 5 potions of flight
 q - 2 potions of heal wounds
 t - a potion of brilliance {unknown}
 B - 7 potions of agility
 O - 7 potions of curing
Books
 c - a book of Annihilations

   Spells                             Type                      Level
   a - Poison Arrow                   Conjuration/Poison           6
   b - Chain Lightning                Conjuration/Air              8
   c - Lehudib's Crystal Spear        Conjuration/Earth            8
   d - Glaciate                       Conjuration/Ice              9
   e - Fire Storm                     Conjuration/Fire             9
 u - a Grand Grimoire

   Spells                             Type                      Level
   a - Monstrous Menagerie            Summoning                    7
   b - Summon Greater Demon           Summoning                    7
   c - Malign Gateway                 Summoning/Translocation      7
   d - Summon Horrible Things         Summoning                    8
 G - a book of Air

   Spells                             Type                      Level
   a - Shock                          Conjuration/Air              1
   b - Swiftness                      Charms/Air                   2
   c - Repel Missiles                 Charms/Air                   2
   d - Static Discharge               Conjuration/Air              3
   e - Lightning Bolt                 Conjuration/Air              5
 M - the Disquisition on Stones and the Oath
   (You found it in a labyrinth)

   Spells                             Type                      Level
   a - Spectral Weapon                Hexes/Charms                 3
   b - Fulminant Prism                Conjuration/Hexes            4
   c - Cause Fear                     Hexes                        4
   d - Petrify                        Transmutation/Earth          4
   e - Shatter                        Earth                        9
 N - the Guide on Curses
   (You found it in a labyrinth)

   Spells                             Type                      Level
   a - Summon Guardian Golem          Hexes/Summoning              3
   b - Cause Fear                     Hexes                        4
   c - Leda's Liquefaction            Hexes/Earth                  4
   d - Summon Mana Viper              Hexes/Summoning              5
   e - Silence                        Hexes/Air                    5
Comestibles
 n - 3 meat rations
 v - 3 bread rations
 H - 11 beef jerkies
 J - 23 fruits


   Skills:
 + Level 9.5(14.5) Fighting
 + Level 6.3(11.4) Axes
   Level 1.5(9.2) Maces & Flails
 + Level 14.5(19.5) Crossbows
 + Level 7.7(12.7) Armour
 + Level 8.2(13.2) Dodging
 - Level 0.5(5.5) Stealth
 - Level 5.2 Invocations


You had 4 spell levels left.
You knew the following spells:

 Your Spells              Type           Power        Failure   Level  Hunger
a - Blink                 Tloc           N/A          67%         2    ###....
b - Repel Missiles        Chrm/Air       #.....       67%         2    ###....
c - Passage of Golubria   Tloc           N/A          100%        4    #####..


Dungeon Overview and Level Annotations

Branches:
Dungeon (12/15)            Temple (1/1) D:7            Lair (8/8) D:8
 Shoals (0/4) Lair:4        Snake (0/4) Lair:5        Slime (0/6) Lair:6
    Orc (2/2) D:10            Elf (0/3) Orc:2

Altars:
Ashenzari
Cheibriados
Dithmenos
Elyvilon
Fedhas
Gozag
Kikubaaqudgha
Makhleb
Nemelex Xobeh
Okawaru
Pakellas
Qazlal
Ru
Sif Muna
Trog
Vehumet
Xom
Yredelemnul
Zin
The Shining One
Jiyva

Shops:
D:4 :   D:5 %   D:7 %   D:8 !   D:9 ?[

Annotations:
D:12 HopefulHyena's ghost, journeyman MiBe
Lair:6 jazmu's ghost, journeyman GrAK


Innate Abilities, Weirdness & Mutations

You have hooves in place of feet.
Armour fits poorly on your strangely shaped body.
You cover ground very quickly.
You have extremely tough skin (AC +3).


Message History

You barely miss the ettin.
The ettin is heavily wounded.
The ettin barely misses you.
The ettin hits you with a dire flail of protection!!!
You barely miss the ettin. Your kick misses the ettin.
The ettin is heavily wounded.
You slash the ettin! You kick the ettin, but do no damage.
The ettin is heavily wounded.
The ettin hits you with a dire flail!!!
* * * LOW HITPOINT WARNING * * *
The ettin hits you with a dire flail of protection!
* * * LOW HITPOINT WARNING * * *
You are too injured to fight recklessly!
You hit the ettin but do no damage. You kick the ettin, but do no damage.
The ettin is heavily wounded.
You barely miss the ettin. You kick the ettin.
The ettin is severely wounded.
The ettin hits you but does no damage.
The ettin hits you with a dire flail of protection!!
You die...

### ##.## #...# ##.##
##.[.# ##.#)@###
#....C..## ##..##....#
#....#...#####
##...........#####
##...........##.####
##..C..#.#....#...#.##
#.......[........#...#
###.....#(.[.).......##


You could see an ettin.

Vanquished Creatures
  A minotaur (Lab)
  4 hydras
  A death yak (Lair:5)
  The ghost of olma the Ducker, a novice TrBe of Trog (D:7)
  An unseen horror (D:11)
  Pikel (D:6)
  2 griffons
  2 elephants (Lair:6)
  A torpor snail (Lair:4)
  3 black mambas
  13 spiny frogs
  5 komodo dragons
  A rime drake (Lair:5)
  2 trolls (D:10)
  A polar bear (Lair:3)
  A snapping turtle (Lair:4)
  7 blink frogs
  37 yaks
  8 hippogriffs
  A steam dragon (D:7)
  6 nagas (Lair:5)
  A warg (Orc:1)
  A soldier ant (D:10)
  17 water moccasins
  6 porcupines
  3 sky beasts
  A wasp (D:9)
  2 phantoms
  9 orc warriors
  3 ice beasts
  An eye of draining (D:8)
  9 wolves
  4 ogres
  3 centaurs
  8 crocodiles
  2 big kobolds
  14 giant frogs
  2 gnoll sergeants
  6 killer bees (D:10)
  The ghost of p0werm0de the Chopper, a weakling DsCK of Xom (D:4)
  3 electric eels
  8 wights
  3 howler monkeys
  4 crimson imps
  2 centaur zombies
  2 giant frog zombies (D:8)
  A wasp zombie (D:10)
  A quasit (D:9)
  4 hounds
  3 jellies
  3 centaur skeletons
  A gnoll shaman (D:6)
  12 orc priests
  2 giant frog skeletons
  Jessica (D:3)
  7 iguanas
  15 orc wizards
  4 worker ants
  5 sheep (Lair:4)
  2 killer bee zombies
  2 hound skeletons
  10 adders
  13 gnolls
  36 river rats
  2 shadow imps
  An ooze (D:2)
  An adder zombie (D:8)
  5 dart slugs
  4 worms (D:2)
  4 giant geckos
  38 orcs
  21 bats
  4 giant cockroaches
  7 goblins
  7 hobgoblins
  10 jackals
  12 kobolds
  4 quokkas
  4 giant newts
  A quokka skeleton (D:10)
  15 rats
  5 fungi
  4 plants
485 creatures vanquished.

Vanquished Creatures (others)
  A slave (D:6)
  An orc wizard (D:6)
  An orc (D:4)
  A giant cockroach (D:3)
  23 fungi
  14 plants
41 creatures vanquished.

Grand Total: 526 creatures vanquished

Notes
Turn   | Place    | Note
--------------------------------------------------------------
     0 | D:1      | varam the Centaur Hunter began the quest for the Orb.
     0 | D:1      | Reached XP level 1. HP: 17/17 MP: 1/1
   220 | D:1      | Reached XP level 2. HP: 24/24 MP: 2/2
   671 | D:1      | Reached skill level 5 in Crossbows
   742 | D:1      | Reached XP level 3. HP: 28/29 MP: 3/3
  1404 | D:2      | Reached XP level 4. HP: 21/37 MP: 4/4
  1571 | D:2      | Found a faded altar to an unknown god.
  2022 | D:3      | Found a sacrificial altar of Ru.
  2141 | D:3      | Noticed Jessica
  2146 | D:3      | Killed Jessica
  3055 | D:4      | Reached XP level 5. HP: 34/44 MP: 5/5
  3100 | D:4      | Noticed p0werm0de's ghost (weakling DsCK)
  3113 | D:3      | Reached skill level 6 in Crossbows
  4021 | D:4      | Reached skill level 1 in Maces & Flails
  4163 | D:4      | Reached XP level 6. HP: 40/51 MP: 6/6
  4414 | D:4      | Found Feats's Book Boutique.
  4715 | D:4      | Killed p0werm0de's ghost
  5020 | D:5      | Entered Level 5 of the Dungeon
  5024 | D:5      | Reached skill level 7 in Crossbows
  5101 | D:5      | Found Fezosoiturgh's Food Boutique.
  5115 | D:5      | Found a stormy altar of Qazlal.
  5357 | D:5      | Reached XP level 7. HP: 57/57 MP: 7/7
  5631 | D:5      | Reached skill level 8 in Crossbows
  5959 | D:6      | Noticed Pikel
  5984 | D:6      | Killed Pikel
  5984 | D:6      | Reached skill level 10 in Crossbows
  5984 | D:6      | Reached XP level 8. HP: 47/63 MP: 8/8
  6281 | D:6      | Found a burning altar of Makhleb.
  6283 | D:6      | Found a glowing silver altar of Zin.
  6283 | D:6      | Noticed a green death
  6283 | D:6      | Noticed an angel
  6469 | D:6      | Got a fine jade ring
  6625 | D:7      | Noticed olma's ghost (novice TrBe)
  6843 | D:7      | Identified the ring of the Leaf {rCorr rPois MR- Dex+8 Stlth-} (You found it on level 6 of the Dungeon)
  6888 | D:7      | Found a shattered altar of Ashenzari.
  6920 | D:7      | Found an opulent altar of Gozag.
  6920 | D:7      | Found a basalt altar of Yredelemnul.
  6972 | D:7      | Reached skill level 1 in Armour
  6994 | D:7      | Reached skill level 11 in Crossbows
  7082 | D:7      | Found a blossoming altar of Fedhas.
  7554 | D:7      | Found Hawny's Food Shop.
  7563 | D:8      | Reached skill level 1 in Axes
  7739 | D:8      | You fall through a shaft for 2 floors!
  7739 | D:10     | Entered Level 10 of the Dungeon
  7784 | D:10     | Noticed a troll
  8168 | D:8      | Reached XP level 9. HP: 65/71 MP: 9/9
  8385 | D:8      | Found a deep blue altar of Sif Muna.
  8389 | D:8      | Found a stormy altar of Qazlal.
  8479 | D:8      | Found a white marble altar of Elyvilon.
  8887 | D:8      | Found a staircase to the Lair.
  8958 | D:8      | Reached skill level 12 in Crossbows
  9226 | D:8      | Found Wiryun's Distillery.
  9339 | D:8      | Reached skill level 5 in Fighting
  9820 | D:7      | Killed olma's ghost
  9820 | D:7      | Reached XP level 10. HP: 48/81 MP: 10/10
 10109 | D:7      | Found a staircase to the Ecumenical Temple.
 10121 | Temple   | Entered the Ecumenical Temple
 10161 | Temple   | Became a worshipper of Warmaster Okawaru
 10703 | D:7      | You fall through a shaft!
 11151 | D:7      | Found a shimmering altar of Xom.
 11842 | D:9      | Reached skill level 1 in Invocations
 11877 | D:9      | Found Epogozao's Armour Boutique.
 12032 | D:9      | Reached * piety under Okawaru
 12285 | D:9      | Found a radiant altar of Vehumet.
 12317 | D:9      | Found Hempeuh's Magic Scroll Boutique.
 12324 | D:9      | Bought a scroll of fear for 52 gold pieces
 12324 | D:9      | Bought a scroll of identify for 30 gold pieces
 12324 | D:9      | Bought a scroll of identify for 30 gold pieces
 12440 | D:9      | Found a bloodstained altar of Trog.
 12456 | D:9      | Learned a level 2 spell: Blink
 12459 | D:9      | Learned a level 2 spell: Repel Missiles
 12464 | D:9      | Learned a level 4 spell: Passage of Golubria
 12772 | Lair:1   | Entered Level 1 of the Lair of Beasts
 12955 | Lair:1   | Reached skill level 13 in Crossbows
 13100 | Lair:1   | Reached ** piety under Okawaru
 13252 | Lair:1   | Noticed a spiny frog
 13252 | Lair:1   | Noticed a spiny frog
 14198 | D:10     | Reached XP level 11. HP: 49/89 MP: 13/13
 15149 | D:10     | Reached skill level 5 in Dodging
 15317 | D:10     | Reached *** piety under Okawaru
 15607 | D:10     | Found a staircase to the Orcish Mines.
 16141 | D:11     | Received a gift from Okawaru
 16265 | D:11     | Noticed an unseen horror
 16273 | D:11     | Killed an unseen horror
 16273 | D:11     | Reached **** piety under Okawaru
 16305 | D:11     | Noticed a hill giant
 16425 | D:12     | Noticed a seven-headed hydra
 16434 | D:12     | Killed a seven-headed hydra
 16434 | D:12     | Reached skill level 14 in Crossbows
 17075 | D:12     | Noticed HopefulHyena's ghost (journeyman MiBe)
 17770 | Lair:1   | Received a gift from Okawaru
 17985 | Lair:1   | Received a gift from Okawaru
 18410 | Lair:1   | Reached skill level 5 in Armour
 18416 | Lair:1   | Reached skill level 5 in Invocations
 18421 | Lair:1   | Received a gift from Okawaru
 19905 | Lair:2   | Reached XP level 12. HP: 42/101 MP: 15/15
 20218 | Lair:2   | Received a gift from Okawaru
 20710 | Lair:2   | Noticed a seven-headed hydra
 21034 | Lair:2   | Killed a seven-headed hydra
 21851 | Lair:3   | Reached ***** piety under Okawaru
 21904 | Lair:3   | Found a labyrinth entrance.
 21913 | Lab      | Entered a labyrinth
 22048 | Lab      | Noticed a minotaur
 22128 | Lab      | Killed a minotaur
 22230 | Lab      | Identified the Disquisition on Stones and the Oath
 22233 | Lab      | Identified the Guide on Curses
 22387 | Lair:3   | Reached skill level 5 in Axes
 23932 | Lair:3   | Received a gift from Okawaru
 24012 | Lair:3   | Received a gift from Okawaru
 24015 | Lair:3   | Got a fine hat {god gift}
 24029 | Lair:3   | Identified the +0 hat "Kuosch" {*Confuse MP+9 Dex+10 SInv} (Okawaru gifted it to you on level 3 of the Lair of Beasts)
 25249 | Lair:4   | Found a staircase to the Shoals.
 26624 | Lair:4   | Reached XP level 13. HP: 89/111 MP: 16/16
 27411 | Lair:5   | Found a staircase to the Snake Pit.
 27841 | Lair:5   | Received a gift from Okawaru
 28502 | Lair:5   | You fall through a shaft for 2 floors!
 28562 | Lair:8   | Entered Level 8 of the Lair of Beasts
 28850 | Lair:6   | Noticed jazmu's ghost (journeyman GrAK)
 28978 | Lair:6   | Found a viscous altar of Jiyva.
 28978 | Lair:6   | Found a staircase to the Slime Pits.
 31117 | Orc:1    | Entered Level 1 of the Orcish Mines
 31345 | Orc:2    | Entered Level 2 of the Orcish Mines
 31345 | Orc:2    | Found a staircase to the Elven Halls.
 32006 | Orc:2    | Noticed an ettin
 32421 | D:10     | HP: 5/111 [ogre/giant spiked club (15)]
 32768 | D:10     | Received a gift from Okawaru
 32866 | Orc:1    | Slain by an ettin

Skill      XL: |  1  2  3  4  5  6  7  8  9 10 11 12 13 |
---------------+----------------------------------------+-----
Crossbows      | 5 6 7 10 11 12 13 14 | 14.5
Dodging        | 2 3 4 5 7 8 |  8.2
Fighting       | 3 4 5 6 7 9 |  9.5
Maces & Flails | 1 |  1.5
Armour         | 1 3 4 5 7 |  7.7
Axes           | 1 3 4 5 6 |  6.3
Invocations    | 2 5 |  5.2
Stealth        | |  0.5

Action                   |  1- 3 |  4- 6 |  7- 9 | 10-12 | 13-15 || total
-------------------------+-------+-------+-------+-------+-------++-------
Melee: Whip              |       |    45 |       |       |       ||    45
       Kick              |       |     8 |       |     5 |    73 ||    86
       Hand axe          |       |       |       |     6 |       ||     6
       Hand crossbow     |       |       |       |     2 |       ||     2
       Battleaxe         |       |       |       |       |   134 ||   134
 Fire: Hand crossbow     |    81 |   103 |   382 |  1456 |   324 ||  2346
Invok: Heroism           |       |       |       |     2 |     5 ||     7
       Finesse           |       |       |       |       |     1 ||     1
  Use: Scroll            |       |     3 |     8 |     7 |       ||    18
       Potion            |       |       |       |     3 |       ||     3
  Eat: Chunk             |     1 |     5 |     9 |    43 |     1 ||    59
       Bread ration      |       |     1 |       |       |     1 ||     2
       Meat ration       |       |       |     1 |       |     2 ||     3
       Pizza             |       |       |       |       |     1 ||     1
Armor: Leather armour    |     9 |    30 |       |   100 |   127 ||   266
       Scale mail        |       |     3 |       |       |       ||     3
       Skin              |       |     2 |       |       |       ||     2
       Ring mail         |       |     2 |    51 |   130 |       ||   183
Dodge: Dodged            |    11 |    49 |    97 |   421 |   228 ||   806
